 Dungeon Crawl Stone Soup version 0.28.0-53-g5a82cb258f (webtiles) character file.

Game seed: 18337265676784581153

128 concernfroge the Conjurer (level 4, 0/24 HPs)
             Began as a Deep Elf Conjurer on June 26, 2022.
             Slain by a hornet zombie (6 damage)
             ... on level 3 of the Dungeon.
             The game lasted 00:07:21 (1869 turns).

concernfroge the Conjurer (Deep Elf Conjurer)       Turns: 1869, Time: 00:07:23

Health: 0/24       AC:  3    Str:  4    XL:     4   Next: 87%
Magic:  0/12       EV: 12    Int: 25    God:
Gold:   139        SH:  3    Dex: 13    Spells: 6/12 levels left

rFire   + . .      SeeInvis .   (no weapon)
rCold   . . .      Faith    .   l - +0 buckler
rNeg    . . .      Spirit   .   a - +0 robe
rPois   .          Reflect  .   (no helmet)
rElec   .          Harm     .   i - +0 cloak
rCorr   .          Rampage  .   (no gloves)
Will    .....                   (no boots)
Stlth   ++........              (no amulet)
HPRegen 0.08/turn               f - ring of protection from fire
MPRegen 0.13/turn               (no ring)

@: no status effects
A: no striking features
a: no special abilities


You were on level 3 of the Dungeon.
You visited 1 branch of the dungeon, and saw 3 of its levels.

You collected 139 gold pieces.

Inventory:

Armour
 a - a +0 robe (worn)
 i - a +0 cloak (worn)
 l - a +0 buckler (worn)
Jewellery
 f - a ring of protection from fire (left hand)
 k - a ring of fire
Scrolls
 g - 2 scrolls of identify {unknown}
 h - a scroll of magic mapping {unknown}
 m - a scroll of silence {unknown}
Potions
 b - a potion of haste {unknown}
 c - a potion of flight {unknown}
 d - 2 potions of mutation {unknown}
 e - a potion of lignification {unknown}
 j - 2 potions of degeneration {unknown}
 n - a potion of might {unknown}


   Skills:
 - Level 2.4 Dodging
 - Level 2.4 Stealth
 + Level 0.2 Shields
 + Level 4.9 Spellcasting
 + Level 5.5 Conjurations
 + Level 2.1 Hexes


You had 6 spell levels left.
You knew the following spells:

 Your Spells              Type           Power      Damage    Failure   Level
a - Magic Dart            Conj           100%       1d8       1%          1
b - Searing Ray           Conj           66%        2d6       1%          2
c - Dazzling Flash        Conj/Hex       50%        N/A       7%          3

Your spell library contained the following spells:

 Spells                   Type           Power      Damage    Failure   Level
 Fulminant Prism          Conj/Hex       12%        3d9       22%         4
 Iskenderun's Mystic Bla  Conj/Tloc      20%        2d6       34%         4


Dungeon Overview and Level Annotations

Branches:
Dungeon (3/15)

Altars:
Zin


Message History

The searing ray hits the hornet zombie!
The hornet zombie is moderately damaged.
The hornet zombie barely misses you. The hornet zombie hits you!
The searing ray hits the hornet zombie.
The hornet zombie is heavily damaged.
You finish channelling your searing ray.
The hornet zombie barely misses you.
Casting: Searing Ray (safe; 1% risk of failure)
Confirm with . or Enter, or press ? or * to list all spells.
Aiming: Searing Ray (safe; 1% risk of failure)
Press: ? - help, Shift-Dir - straight line, f/p - hornet zombie
Aim: a hornet zombie (heavily damaged, 83% to hit)
The searing ray hits the hornet zombie.
The hornet zombie is heavily damaged. (Press . to maintain the ray.)
The hornet zombie barely misses you.
The searing ray hits the hornet zombie.
The hornet zombie is heavily damaged.
The hornet zombie hits you. The hornet zombie closely misses you.
The searing ray hits the hornet zombie.
The hornet zombie is severely damaged.
The hornet zombie hits you but does no damage.
The searing ray hits the hornet zombie.
The hornet zombie is almost destroyed.
You finish channelling your searing ray.
The hornet zombie hits you!
* * * LOW HITPOINT WARNING * * *
Okay, then.
Casting: Searing Ray (safe; 1% risk of failure)
Confirm with . or Enter, or press ? or * to list all spells.
You don't have enough magic to cast this spell.
Casting: Searing Ray (safe; 1% risk of failure)
Confirm with . or Enter, or press ? or * to list all spells.
Aiming: Magic Dart (safe; 1% risk of failure)
Press: ? - help, Shift-Dir - straight line, f/p - hornet zombie
Aim: a hornet zombie (almost destroyed, 100% to hit)
The magic dart hits the hornet zombie.
The hornet zombie is almost destroyed.
The hornet zombie hits you.
You die...

........ .......
.....# ## ....##.
..... #.$. #.Z#####..
#. #†@......# #.
#..#####.# #. #...##
#. #....## ##. #..)..#
#.. #.....#
#..####^####.....#
#................###.
#.#.#####.......#...#.


You could see a hornet zombie.

Vanquished Creatures
  5 adders
  3 gnolls (D:3)
  A shadow imp (D:3)
  2 dart slugs
  An orc (D:3)
  4 endoplasms
  A giant cockroach (D:1)
  5 goblins
  2 hobgoblins (D:2)
  2 quokkas (D:2)
  5 ball pythons
  3 bats
  A frilled lizard (D:2)
  3 kobolds
  7 rats
45 creatures vanquished.

Notes
Turn   | Place    | Note
-------+----------+-------------------------------------------
     0 | D:1      | concernfroge the Deep Elf Conjurer began the quest for the
                  | Orb.
     0 | D:1      | Reached XP level 1. HP: 10/10 MP: 6/6
   531 | D:1      | Reached XP level 2. HP: 15/15 MP: 5/8
   534 | D:1      | Learned a level 2 spell: Searing Ray
   932 | D:2      | Reached skill level 5 in Conjurations
   932 | D:2      | Reached XP level 3. HP: 19/19 MP: 8/10
   940 | D:2      | Learned a level 3 spell: Dazzling Flash
  1190 | D:2      | Reached skill level 1 in Hexes
  1210 | D:2      | Reached XP level 4. HP: 24/24 MP: 5/12
  1439 | D:3      | Found a glowing silver altar of Zin.
  1834 | D:3      | Found a faded altar of an unknown god.
  1869 | D:3      | Slain by a hornet zombie

Illustrated notes

Levels and vault maps discovered:
D:1:      beargit_arrival_greenhouse, layout_loops_ring
D:2:      layout_rooms
D:3:      layout_loops_cross, general_overflow_altar, lemuel_tele_altar,
          mainiacjoe_overflow_24_doors, shapermc_ecumenical_altar_venn

Skill      XL: |  1  2  3  4 |
---------------+-------------+-----
Spellcasting   | 4 |  4.9
Conjurations   | 5 |  5.5
Hexes          | 1 2 |  2.1
Dodging        | |  2.4
Stealth        | |  2.4
Shields        | |  0.2

Action                   |  1- 3 |  4- 6 || total
-------------------------+-------+-------++-------
 Cast: Magic Dart        |    56 |    22 ||    78
       Searing Ray       |     4 |     8 ||    12
Armor: Robe              |       |     1 ||     1
Dodge: Dodged            |     1 |     5 ||     6
